 Dungeon Crawl Stone Soup version 0.30.1-9-gdf580d7c3d (webtiles) character file.

Game seed: 3457194632431688044

4119 Ijustatesigmund the Magician (level 10, 0/55 HPs)
             Began as a Gargoyle Earth Elementalist on Oct 24, 2023.
             Was a Priest of Cheibriados.
             Slain by an orc warrior
             ... wielding a +0 halberd
              (12 damage)
             ... on level 9 of the Dungeon.
             The game lasted 00:20:34 (11742 turns).

Ijustatesigmund the Magician (GrEE)                Turns: 11742, Time: 00:20:34

Health: 0/55       AC: 12    Str: 18    XL:     10   Next: 27%
Magic:  1/30       EV: 12    Int: 28    God:    Cheibriados [***...]
Gold:   213        SH:  0    Dex: 22    Spells: 10/24 levels left

rFire   . . .        C - +2 flail of the Wizarding Wolf {elec, Dex+5}
rCold   . . .        (no shield)
rNeg    + . .        a - +0 robe
rPois   ∞            (no helmet)
rElec   +            t - +0 cloak
rCorr   .            (no gloves)
SInv    .            z - +1 pair of boots
Will    .....        s - amulet of the acrobat
Stlth   ++           m - ring of magical power
HPRegen 0.29/turn    (no ring)
MPRegen 0.22/turn

%: acrobat
@: about to teleport, very slow
A: sickness immunity, AC +7, negative energy resistance 1, electricity
resistance, torment resistance 1, petrification resistance
a: Renounce Religion, Bend Time, Temporal Distortion


You were on level 9 of the Dungeon.
You worshipped Cheibriados.
Cheibriados was most pleased with you.
You visited 2 branches of the dungeon, and saw 10 of its levels.

You collected 381 gold pieces.
You spent 168 gold pieces at shops.

Inventory:

Hand Weapons
 j - a +3 flail of protection
 C - the +2 flail of the Wizarding Wolf (weapon) {elec, Dex+5}
   (You found it on level 7 of the Dungeon)

   Dex:       It affects your dexterity (+5).
Missiles
 r - 3 throwing nets
Armour
 a - a +0 robe (worn)
 o - a +0 kite shield
 t - a +0 cloak (worn)
 z - a +1 pair of boots (worn)
Jewellery
 m - a ring of magical power (left hand)
 s - an amulet of the acrobat (around neck)
Wands
 k - a wand of polymorph (4)
 B - a wand of iceblast (2)
Scrolls
 g - 4 scrolls of teleportation
 p - 3 scrolls of poison
Potions
 b - a potion of magic
 c - 2 potions of might
 d - a potion of berserk rage
 e - a potion of curing
 f - 2 potions of ambrosia
 h - a potion of cancellation
 i - 2 potions of brilliance
 l - 2 potions of heal wounds {unknown}
 n - 4 potions of lignification {unknown}
 q - 2 potions of degeneration {unknown}
 u - 2 potions of flight {unknown}
 v - a potion of attraction {unknown}


   Skills:
 + Level 2.8 Fighting
 - Level 2.0 Maces & Flails
 - Level 1.5 Dodging
 - Level 2.1 Stealth
 + Level 7.6 Spellcasting
 + Level 7.5 Conjurations
 - Level 5.2 Translocations
 - Level 0.7 Transmutations
 + Level 7.5 Earth Magic
 + Level 4.6 Invocations


You had 10 spell levels left.
You knew the following spells:

 Your Spells              Type           Power      Damage    Failure   Level
a - Magic Dart            Conj           100%       1d8       1%          1
b - Stone Arrow           Conj/Erth      100%       3d13      1%          3
c - Iskenderun's Mystic   Conj/Tloc      46%        2d10      3%          4
d - Iron Shot             Conj/Erth      26%        9d6       34%         6

Your spell library contained the following spells:

 Spells                   Type           Power      Damage    Failure   Level
 Sandblast                Erth           100%       2d20      1%          1
 Passwall                 Tmut/Erth      27%        N/A       1%          2
 Mephitic Cloud           Conj/Pois/Air  24%        N/A       5%          3
 Portal Projectile        Hex/Tloc       50%        N/A       5%          3
 Volatile Blastmotes      Fire/Tloc      50%        2d14      5%          3
 Wereblood                Tmut           14%        N/A       6%          2
 Lee's Rapid Deconstruct  Erth           26%        3d14*     6%          5
 Call Imp                 Summ           20%        N/A       8%          2
 Ensorcelled Hibernation  Hex/Ice        20%        N/A       8%          2
 Poisonous Vapours        Pois/Air       20%        N/A       8%          2
 Petrify                  Tmut/Erth      33%        N/A       10%         4
 Fulminant Prism          Conj/Hex       15%        3d10      11%         4
 Leda's Liquefaction      Hex/Erth       15%        N/A       11%         4
 Call Canine Familiar     Summ           10%        N/A       16%         3
 Swiftness                Air            10%        N/A       16%         3
 Freezing Cloud           Conj/Ice/Air   12%        6-21      45%         5
 Simulacrum               Ice/Necr       5%         N/A       100%        6
 Ozocubu's Refrigeration  Ice            5%         4d8       100%        7
 Summon Hydra             Summ           5%         N/A       100%        7
 Polar Vortex             Ice            5%         N/A       100%        9
 Sublimation of Blood     Necr           Unusable   N/A       N/A         2

Dungeon Overview and Level Annotations

Branches:
Dungeon (9/15)             Temple (1/1) D:5
   Lair: D:8-11         Orc: D:9-12

Altars:
Ashenzari
Cheibriados
Dithmenos
Elyvilon
Fedhas
Gozag
Hepliaklqana
Kikubaaqudgha
Makhleb
Nemelex Xobeh
Okawaru
Qazlal
Ru
Sif Muna
Trog
Uskayaw
Wu Jian
Xom
Yredelemnul
Zin
The Shining One

Shops:
D:4 =   D:8 :


Innate Abilities, Weirdness & Mutations

You are immune to sickness and miasma.
Your stone body is resilient. (AC +7)
You are immune to poison.
You resist negative energy. (rN+)
You are resistant to electric shocks. (rElec)
You are resistant to unholy torment.
You are immune to petrification.


Message History

Press: ? - help, Shift-Dir - straight line, f/p - orc warrior
Aim: an orc warrior, wielding a +0 halberd and wearing a +0 plate armour (moderately wounded)
The mass of ice explodes!
The iceblast engulfs the orc warrior!
The orc warrior is severely wounded.
You hear an angry hiss. x2
The orc warrior closely misses you.
The orc priest calls upon Beogh to heal the orc warrior.
The orc warrior is healed somewhat.
Aiming: Iceblast
Press: ? - help, Shift-Dir - straight line, f/p - orc warrior
Aim: an orc warrior, wielding a +0 halberd and wearing a +0 plate armour (heavily wounded)
The mass of ice explodes!
The iceblast engulfs the orc warrior.
The orc warrior is heavily wounded.
The orc warrior hits you from afar with a +0 halberd.
Aiming: Iceblast
Press: ? - help, Shift-Dir - straight line, f/p - orc warrior
Aim: an orc warrior, wielding a +0 halberd and wearing a +0 plate armour (heavily wounded)
The mass of ice explodes!
The iceblast engulfs the orc warrior.
The orc warrior is severely wounded.
The iceblast engulfs the two-headed ogre!
The two-headed ogre is moderately wounded.
The orc warrior barely misses you.
Casting: Stone Arrow (safe; 1% risk of failure)
Confirm with . or Enter, or press ? or * to list all spells.
You don't have enough magic to cast this spell.
Aiming: Iceblast
Press: ? - help, Shift-Dir - straight line, p - orc warrior The mass of ice explodes!
The iceblast engulfs the orc priest.
The orc priest is moderately wounded.
The orc warrior hits you but does no damage.
A basilisk comes into view.
As you read the scroll of teleportation, it crumbles to dust.
You feel strangely unstable.
The basilisk hisses angrily.
The two-headed ogre hits you with a +0 giant club!
* * * LOW HITPOINT WARNING * * *
The two-headed ogre closely misses you.
An elephant comes into view.
The orc warrior hits you from afar with a +0 halberd!
You die...

....# Y...
###...###l..#
.###...#........
....#.#.#....)...
..
...........o.....
..
..#......(.....$
#.
........l.o.....
#. .
#....@O...... #.
. #............
#.## .#
#....!.......
#.)###.#
#............
.#<#...
##.....#.>....
..)#.#
#..########...
.....# ####.##
... .....###....#
..
.###..##.#######


You could see an elephant, a two-headed ogre, 2 basilisks, an orc warrior and an
orc priest.

Vanquished Creatures
  Joseph (D:9)
  Grinder (D:3)
  Eustachio (D:5)
  A steam dragon (D:7)
  A water moccasin (D:8)
  Duvessa (D:7)
  3 sky beasts (D:6)
  3 orc warriors
  An ice beast (D:5)
  2 black bears (D:6)
  An ogre (D:5)
  2 centaurs
  2 phantoms (D:7)
  3 bullfrogs
  2 kobold brigands
  A gnoll sergeant (D:6)
  2 scorpions
  4 killer bees
  A jelly (D:6)
  2 howler monkeys
  3 hounds
  4 orc priests
  Crazy Yiuf (D:3)
  4 gnoll boudas
  5 iguanas
  Jessica (D:3)
  Ijyb (D:3)
  3 orc wizards
  22 gnolls
  7 adders
  2 white imps
  2 ufetubi
  A worm (D:3)
  2 dart slugs
  17 orcs
  7 endoplasms
  7 giant cockroaches
  11 hobgoblins
  27 kobolds
  6 quokkas
  5 ball pythons
  6 bats
  2 frilled lizards
  7 goblins
  8 rats
196 creatures vanquished.

Vanquished Creatures (others)
  An orc (D:7)
1 creature vanquished.

Grand Total: 197 creatures vanquished

Notes
Turn   | Place    | Note
-------+----------+-------------------------------------------
     0 | D:1      | Ijustatesigmund the Gargoyle Earth Elementalist began the
                  | quest for the Orb.
     0 | D:1      | Reached XP level 1. HP: 10/10 MP: 3/3
   246 | D:1      | Reached XP level 2. HP: 12/16 MP: 1/5
   443 | D:1      | Reached skill level 1 in Fighting
   876 | D:1      | Reached XP level 3. HP: 20/20 MP: 4/6
   880 | D:1      | Learned a level 3 spell: Stone Arrow
  1454 | D:2      | Reached skill level 1 in Conjurations
  1680 | D:2      | Found a faded altar of an unknown god.
  1731 | D:2      | Reached XP level 4. HP: 24/25 MP: 3/7
  2466 | D:3      | Noticed Jessica
  2470 | D:3      | Killed Jessica
  2622 | D:3      | Reached XP level 5. HP: 29/29 MP: 9/9
  2745 | D:3      | Found a runed translucent door.
  2746 | D:3      | Noticed Crazy Yiuf
  2854 | D:4      | Reached skill level 1 in Maces & Flails
  3529 | D:4      | Reached skill level 5 in Earth Magic
  3529 | D:4      | Reached XP level 6. HP: 29/34 MP: 10/10
  3609 | D:4      | Found Sintycun's Jewellery Shop.
  3728 | D:5      | Entered Level 5 of the Dungeon
  3728 | D:5      | Noticed an ice beast
  3733 | D:5      | Killed an ice beast
  4012 | D:3      | Noticed Ijyb
  4029 | D:3      | Killed Ijyb
  4174 | D:3      | Noticed Grinder
  4178 | D:3      | Paralysed by Grinder for 4 turns
  4186 | D:3      | Killed Grinder
  4187 | D:3      | Reached skill level 5 in Conjurations
  4187 | D:3      | Reached XP level 7. HP: 24/38 MP: 0/12
  4780 | D:3      | Killed Crazy Yiuf
  4942 | D:5      | Found a staircase to the Ecumenical Temple.
  5165 | D:5      | Reached XP level 8. HP: 43/43 MP: 14/14
  5316 | D:5      | Noticed Eustachio
  6087 | D:5      | Killed Eustachio
  6254 | Temple   | Entered the Ecumenical Temple
  6691 | Temple   | Became a worshipper of Cheibriados the Contemplative
  6827 | D:6      | Identified a scroll of acquirement
  6827 | D:6      | Acquired a book of Blasting
  6834 | D:6      | Learned a level 1 spell: Magic Dart
  6839 | D:6      | Learned a level 4 spell: Iskenderun's Mystic Blast
  6848 | D:6      | Reached skill level 5 in Spellcasting
  6848 | D:6      | Reached skill level 1 in Translocations
  7774 | D:6      | Reached XP level 9. HP: 47/47 MP: 13/17
  8132 | D:6      | Found a white marble altar of Elyvilon.
  8344 | D:6      | Reached * piety under Cheibriados
  8570 | D:7      | Reached skill level 1 in Invocations
  8570 | D:7      | Noticed Duvessa
  8886 | D:7      | Noticed Dowan
  9563 | D:7      | Dowan changed into Dowan the quokka
  9563 | D:7      | Noticed Dowan
  9564 | D:7      | Killed Dowan the quokka
  9578 | D:7      | Reached ** piety under Cheibriados
  9922 | D:7      | Killed Duvessa
  9923 | D:7      | Reached skill level 5 in Translocations
 10430 | D:7      | Reached XP level 10. HP: 24/53 MP: 21/21
 10538 | D:7      | Identified the +2 flail of the Wizarding Wolf {elec, Dex+5}
 10900 | D:8      | Found Ycar's Tiny Tomes.
 10905 | D:8      | Bought Votz's Compendium of Stones for 168 gold pieces
 10912 | D:8      | Learned a level 6 spell: Iron Shot
 11321 | D:8      | Reached *** piety under Cheibriados
 11720 | D:9      | Noticed Joseph
 11730 | D:9      | Killed Joseph
 11734 | D:9      | Noticed a two-headed ogre
 11742 | D:9      | Noticed an elephant
 11742 | D:9      | Slain by an orc warrior

Illustrated notes

Levels and vault maps discovered:
D:1:      tarquinn_simple_flora_water_e, layout_basic, serial_bayou_pond_c,
          grunt_decor_one_mirror
D:2:      layout_basic, serial_glass, glass_columns_a, glass_columns_b,
          hellmonk_ecumenical_altar_defaced_shrine, minmay_misc_feat_enclosed
D:3:      layout_basic, grunt_decor_junction, uniq_jessica, uniq_grinder,
          uniq_crazy_yiuf_cottage, uniq_ijyb
D:4:      layout_gridville, serial_shops, nicolae_shop_back_alley_shop
D:5:      kennysheep_kobold_camp, layout_rooms, minmay_temple_entry_large_hall,
          hangedman_abyss_or_decor_lesser_grid, uniq_eustachio
D:6:      layout_loops_corners, elyvilon_altar_5
D:7:      layout_rooms, minmay_checkerbox, uniq_duvessa
D:8:      layout_rooms, serial_bayou_ford_a,
          nicolae_shop_i_like_small_books_too, hangedman_abyss_or_decor_stagger,
          kennysheep_big_empty_room
D:9:      minmay_separated_statues, layout_rooms, david_lair_generic,
          enter_bailey_6, minmay_protected_statue, uniq_joseph
Temple:   mainiacjoe_temple_big_plus

Skill      XL: |  1  2  3  4  5  6  7  8  9 10 |
---------------+-------------------------------+-----
Fighting       | 1 2 |  2.8
Earth Magic    | 4 5 6 7 |  7.5
Conjurations   | 1 2 3 5 7 |  7.5
Maces & Flails | 1 2 |  2.0
Spellcasting   | 3 4 5 7 |  7.6
Translocations | 3 5 |  5.2
Invocations    | 4 |  4.6
Dodging        | |  1.5
Stealth        | |  2.1
Transmutations | |  0.7

Action                     |  1- 3 |  4- 6 |  7- 9 | 10-12 || total
---------------------------+-------+-------+-------+-------++-------
  Melee: Flail             |       |    13 |   126 |    12 ||   151
         Punch             |       |       |     3 |       ||     3
   Cast: Sandblast         |    61 |    40 |     5 |       ||   106
         Stone Arrow       |       |    26 |   116 |    28 ||   170
         Magic Dart        |       |       |    15 |    12 ||    27
         Iskenderun's Myst |       |       |    13 |       ||    13
         Iron Shot         |       |       |       |     2 ||     2
  Evoke: Wand              |       |       |     5 |     4 ||     9
    Use: Scroll            |       |     4 |     4 |     9 ||    17
         Potion            |       |       |     1 |       ||     1
 Armour: Robe              |     5 |    13 |   117 |     8 ||   143
  Dodge: Dodged            |     9 |    21 |   157 |    21 ||   208
